 Dungeon Crawl Stone Soup version 0.27-a0-607-g1ad3dbde53 (webtiles) character file.

Game seed: 6832368330560384985

937 Gaff the Skirmisher (level 8, -1/74 HPs)
             Began as an Ogre Warper on Mar 13, 2021.
             Was a Believer of Hepliaklqana.
             Shot with an arrow by a centaur (12 damage)
             ... on level 7 of the Dungeon.
             The game lasted 00:24:09 (9741 turns).

Gaff the Skirmisher (Ogre Warper)                   Turns: 9741, Time: 00:24:10

Health: -1/74      AC:  3    Str: 18    XL:     8   Next: 12%
Magic:  9/14       EV: 10    Int: 14    God:    Hepliaklqana [**....]
Gold:   423        SH:  0    Dex:  8    Spells: 8/16 levels left

rFire    + . .     SeeInvis .   C - +0 mace (holy)
rCold    x . .     Faith    .   (no shield)
rNeg     . . .     Spirit   .   b - +0 robe
rPois    .         Reflect  .   (helmet restricted)
rElec    .         Harm     .   (no cloak)
rCorr    +         Rampage  .   (gloves unavailable)
Will     .....                  (boots unavailable)
Stlth    +.........             (no amulet)
HPRegen  0.22/turn              y - ring of fire
MPRegen  0.14/turn              E - ring of resist corrosion

@: no status effects
A: large, unfitting armour, reduced essence, tough skin 1
a: Renounce Religion, Recall Ancestor, Ancestor Identity


You were on level 7 of the Dungeon.
You worshipped Hepliaklqana.
Hepliaklqana was pleased with you.
You visited 1 branch of the dungeon, and saw 7 of its levels.
You also visited: Ossuary.

You collected 423 gold pieces.

Inventory:

Hand Weapons
 a - a +0 mace
 C - a +0 mace of holy wrath (weapon)
Missiles
 e - 4 boomerangs of dispersal
 i - 17 poisoned darts
 q - 7 large rocks (quivered)
 F - 5 boomerangs
Armour
 b - a +0 robe (worn)
Jewellery
 y - a ring of fire (right hand)
 E - a ring of resist corrosion (left hand)
Wands
 l - a wand of polymorph (9)
 u - a wand of flame (18)
 x - a wand of acid (12)
Scrolls
 c - 4 scrolls of teleportation
 d - a scroll of blinking
 g - 2 scrolls of immolation
 j - 4 scrolls of fear
 r - 2 scrolls of enchant weapon
 w - 4 scrolls of enchant armour
 B - a scroll of magic mapping
Potions
 f - 3 potions of haste {unknown}
 h - a potion of attraction {unknown}
 k - a potion of might {unknown}
 m - a potion of flight
 n - 2 potions of ambrosia {unknown}
 o - 4 potions of degeneration
 p - a potion of resistance {unknown}
 s - a potion of invisibility
 t - 2 potions of brilliance
 v - 3 potions of heal wounds
 z - a potion of mutation
 A - 3 potions of curing
 D - 2 potions of cancellation {unknown}


   Skills:
 + Level 5.9 Fighting
 + Level 4.5 Maces & Flails
 - Level 1.0 Throwing
 + Level 4.0 Dodging
 + Level 4.5 Spellcasting
 + Level 4.4 Translocations


You had 8 spell levels left.
You knew the following spells:

 Your Spells              Type           Power      Damage    Failure   Level
a - Blink                 Tloc           N/A        N/A       4%          2
b - Gell's Gravitas       Tloc           7%         N/A       9%          3
c - Teleport Other        Tloc           15%        N/A       9%          3

Your spell library contained the following spells:

 Spells                   Type           Power      Damage    Failure   Level
 Lesser Beckoning         Tloc           7%         N/A       9%          3
 Corona                   Hex            3%         N/A       19%         1
 Ensorcelled Hibernation  Hex/Ice        6%         N/A       28%         2
 Manifold Assault         Tloc           15%        N/A       28%         4
 Confusing Touch          Hex            3%         N/A       50%         3
 Dazzling Flash           Conj/Hex       6%         N/A       50%         3
 Tukima's Dance           Hex            3%         N/A       50%         3


Dungeon Overview and Level Annotations

Branches:
Dungeon (7/15)             Temple (0/1) D:6         Ossuary (visited)

Altars:
Hepliaklqana
Trog
The Shining One

Shops:
D:7 [


Innate Abilities, Weirdness & Mutations

You are too large for most types of armour.
You have tough skin. (AC +1)
Your life essence is reduced to manifest your ancestor. (-10% HP)


Message History

The hound barely misses you.
Zorana hits the hound but does no damage.
You closely miss the hound. The hound bites you.
Zorana hits the hound with a +0 dagger of draining.
Zorana drains the hound.
The hound bites you.
You miss the hound.
The hound is moderately wounded.
The hound closely misses you.
Zorana hits the hound but does no damage.
The hound closely misses you.
You barely miss the hound.
The hound is moderately wounded.
Zorana hits the hound with a +0 dagger of draining.
The hound closely misses you.
You thump the hound!
You kill the hound!
You see here a hound corpse.
A centaur comes into view.
The centaur shouts!
The centaur wields a +0 shortbow.
The centaur shoots an arrow.
The arrow hits you.
The centaur shoots an arrow.
The arrow hits you!
The centaur shoots an arrow.
The arrow hits you!
The centaur shoots an arrow.
The arrow hits you!
The centaur shoots an arrow.
The arrow hits you!
* * * LOW HITPOINT WARNING * * *
The centaur shoots an arrow.
The arrow hits you!
* * * LOW HITPOINT WARNING * * *
Casting: Blink (safe; 4% risk of failure)
Confirm with . or Enter, or press ? or * to list all spells.
You blink.
The centaur shoots an arrow.
The arrow hits you!
* * * LOW HITPOINT WARNING * * *
Casting: Blink (safe; 4% risk of failure)
Confirm with . or Enter, or press ? or * to list all spells.
Aiming: Teleport Other (dangerous; 9% risk of failure)
Press: ? - help, Shift-Dir - straight line, f - centaur
Aim: a centaur, wielding a +0 shortbow and quivering arrows (chance to affect: 51%)
The centaur looks slightly unstable.
The centaur shoots an arrow.
The arrow hits you!
You die...

###.....#
###......## ##....#
##...(.# ##....
###...## ##...#
##...## ##... ##...#
#... ##..## #..#
##..## #..## #...##
#.@## ##...## #...#
##...## ##..R###
#....### #.....##
##.....# ##.....###
#.†....
#.......###......
#c...............
....................
####################


You could see the friendly Zorana the hexer and a centaur.

Vanquished Creatures
  A phantom (D:6)
  A bullfrog (D:6)
  A wyvern skeleton (D:7)
  2 centaur zombies
  A hound (D:7)
  A human zombie (Ossuary)
  A bullfrog skeleton (D:5)
  Natasha (D:1)
  3 orc wizards
  A worker ant (D:4)
  Terence (D:3)
  A hound zombie (D:2)
  2 mummies (Ossuary)
  3 gnolls (D:3)
  A hexer (D:6)
  7 adders
  A white imp (D:5)
  An adder zombie (Ossuary)
  3 worms
  4 dart slugs
  14 orcs
  A ball python (D:2)
  2 giant cockroaches
  6 goblins
  7 hobgoblins
  2 jackals (D:1)
  4 quokkas
  7 bats
  3 frilled lizards
  A goblin zombie (Ossuary)
  11 hobgoblin zombies (Ossuary)
  3 kobolds
  6 kobold zombies (Ossuary)
  9 orc zombies (Ossuary)
  8 rats
  2 rat zombies (Ossuary)
123 creatures vanquished.

Vanquished Creatures (collateral kills)
  A phantom (D:5)
  A bullfrog zombie (D:5)
  A centaur zombie (Ossuary)
  A hound (D:6)
  A bullfrog skeleton (D:4)
  An adder skeleton (D:4)
  A worm (D:5)
  A leopard gecko (D:4)
  3 orcs
  A giant cockroach (D:4)
  2 hobgoblin zombies (Ossuary)
  2 kobold zombies (Ossuary)
  A quokka skeleton (D:6)
17 creatures vanquished.

Vanquished Creatures (others)
  An ancestor (D:6)
  2 hexers
  A plant (D:2)
4 creatures vanquished.

Grand Total: 144 creatures vanquished

Notes
Turn   | Place    | Note
-------+----------+-------------------------------------------
     0 | D:1      | Gaff the Ogre Warper began the quest for the Orb.
     0 | D:1      | Reached XP level 1. HP: 22/22 MP: 3/3
   340 | D:1      | Reached XP level 2. HP: 29/29 MP: 3/5
   358 | D:1      | Learned a level 2 spell: Blink
   941 | D:2      | Reached skill level 3 in Fighting
   966 | D:2      | Reached XP level 3. HP: 21/37 MP: 7/7
  1240 | D:2      | Noticed Natasha
  1569 | D:2      | Reached XP level 4. HP: 21/45 MP: 8/8
  2325 | D:2      | Found a bloodstained altar of Trog.
  2555 | D:3      | Reached skill level 4 in Fighting
  2789 | D:3      | Reached XP level 5. HP: 54/54 MP: 9/9
  3005 | D:3      | Noticed Terence
  3038 | D:3      | Killed Terence
  4005 | D:3      | Found a hazy altar of Hepliaklqana.
  4156 | D:3      | Reached XP level 6. HP: 48/63 MP: 10/10
  4271 | D:3      | Became a worshipper of Hepliaklqana the Forgotten
  5233 | D:4      | Found a glowing golden altar of the Shining One.
  5395 | D:1      | Killed Natasha
  5601 | D:5      | Entered Level 5 of the Dungeon
  5995 | D:5      | Reached * piety under Hepliaklqana
  6016 | D:5      | Reached skill level 5 in Fighting
  6032 | D:5      | Reached XP level 7. HP: 34/64 MP: 12/12
  6221 | D:5      | Learned a level 3 spell: Gell's Gravitas
  7185 | D:6      | Reached ** piety under Hepliaklqana
  7256 | D:6      | Found a sand-covered staircase.
  7261 | Ossuary  | Entered an ossuary
  7288 | Ossuary  | Remembered your ancestor Zorana as a hexer
  8359 | D:6      | Found a staircase to the Ecumenical Temple.
  9309 | D:7      | Reached XP level 8. HP: 48/74 MP: 14/14
  9443 | D:7      | Learned a level 3 spell: Teleport Other
  9570 | D:7      | Found Ecvasudac's Antique Armour Boutique.
  9741 | D:7      | Shot with an arrow by a centaur

Illustrated notes

Levels and vault maps discovered:
D:1:      minmay_arrival_doors, layout_rooms, minmay_crystal_water,
          amcnicky_mini_rare_corridor_liquid
D:2:      layout_rooms, serial_forest, infiniplex_forest_straight_3,
          infiniplex_forest_3_way, infiniplex_forest_lined_1,
          infiniplex_forest_straight_3, infiniplex_forest_lined_room_2,
          infiniplex_forest_lined_room_2, infiniplex_forest_straight_3,
          infiniplex_forest_clump_tiny, trog_butcher_becter, uniq_natasha
D:3:      layout_loops_ring, nzn_hepliaklqana_mist_gate, uniq_terence
D:4:      layout_loops_ring, lemuel_tele_altar
D:5:      layout_gridville
D:6:      layout_basic, minmay_temple_entry_from_below_a,
          lightli_ossuary_entry_decrepit_ruins, minmay_misc_feat_encased,
          nicolae_zen_rock_garden
D:7:      minmay_thick_lines, layout_loops_corners, serial_shops,
          nicolae_shop_stone, uniq_menkaure, uniq_joseph

Skill      XL: |  1  2  3  4  5  6  7  8 |
---------------+-------------------------+-----
Translocations | 3 4 |  4.4
Maces & Flails | 2 3 4 |  4.5
Fighting       | 3 4 5 |  5.9
Spellcasting   | 3 4 |  4.5
Dodging        | 3 4 |  4.0
Throwing       | |  1.0

Action                   |  1- 3 |  4- 6 |  7- 9 || total
-------------------------+-------+-------+-------++-------
Melee: Mace              |    78 |   222 |   156 ||   456
Throw: Boomerang         |       |       |     1 ||     1
 Cast: Blink             |     2 |     2 |     4 ||     8
       Teleport Other    |       |       |     1 ||     1
Invok: Ancestor Identity |       |     1 |     1 ||     2
       Recall Ancestor   |       |       |     1 ||     1
       Ancestor Life: He |       |       |     1 ||     1
  Use: Scroll            |     1 |    10 |     6 ||    17
 Stab: Confused          |       |       |     1 ||     1
Armor: Robe              |    26 |    57 |    21 ||   104
Dodge: Dodged            |    42 |   105 |    56 ||   203

Table legend: (Time is in decaauts)
 A = Elapsed time spent in this place.
 B = Non-inter-level travel time spent in this place.
 C = Inter-level travel time spent in this place.
 D = Time resting spent in this place.
 E = Time spent auto-exploring this place.
 F = Levels seen in this place.
 G = Mean time per level.
                   A        B        C        D        E       F      G
               +--------+--------+--------+--------+--------+-----+--------+
         Total |   9862 |   9334 |    528 |   3989 |   2814 |   8 | 1232.8 |
       Dungeon |   9286 |   8758 |    528 |   3804 |   2772 |   7 | 1326.6 |
       Ossuary |    576 |    576 |      0 |    185 |     42 |   1 |  576.0 |
               +--------+--------+--------+--------+--------+-----+--------+

Top non-repeatable levels by time:
     D:3: 2007 daAuts
     D:6: 1535 daAuts
     D:5: 1371 daAuts
     D:1: 1334 daAuts
     D:2: 1333 daAuts
     D:4: 1011 daAuts
     D:7: 692 daAuts
 Ossuary: 576 daAuts
